Map: Thunderbird LE

Players

MaNa - Winner!

  • Race: Protoss Protoss
  • Spawn Location: 11:00

HolyHit

  • Race: Protoss Protoss
  • Spawn Location: 5:00

VOD

Have the link to the VOD?

Description

Time

  • Played on: Sept. 6, 2019, 12:22 p.m.
  • Length: 9:00
Show
View Real Time Build Order
Export as new Build Order

MaNa Protoss - Winner!

Build Orders: Oracle Opening, Phoenix Opening, Chargelot Immortal 

Get SALT Encoding   

  12  0:00  Probe  
  13  0:12  Probe  
  14  0:17  Pylon  
  14  0:24  Probe  
  15  0:32  Probe  
  15  0:38  Gateway  
  15  0:40  Probe  
  16  0:46  Assimilator  
  17  0:51  Probe  
  17  0:54  Assimilator  
  18  0:59  Probe  
  19  1:07  Gateway, Probe  
  19  1:17  Probe  
  21  1:25  Cybernetics Core  
  21  1:29  Probe  
  22  1:36  Pylon  
  22  1:41  Probe  
  23  1:54  Probe  
  24  2:02  Warp Gate, Sentry, Stalker  
  28  2:12  Pylon  
  28  2:28  Stalker  
  30  2:32  Stalker  
  30  2:33  Probe  
  33  2:40  Phoenix  
  33  2:53  Stargate  
  33  2:56  Probe  
  33  3:08  Probe  
  33  3:12  Pylon  
  34  3:14  Nexus  
  34  3:19  Probe  
  35  3:27  Oracle, Probe  
  36  3:35  Probe  
  40  3:46  Probe  
  40  3:47  Forge  
  41  3:58  Probe  
  42  4:03  Robotics Facility  
  42  4:04  Oracle  
  45  4:11  Probe  
  46  4:17  Protoss Ground Weapons Level 1  
  46  4:19  Assimilator  
  46  4:21  Assimilator  
  46  4:23  Probe  
  47  4:26  Probe  
  48  4:35  Probe  
  48  4:37  Probe  
  49  4:43  Probe  
  49  4:45  Probe  
  50  4:51  Probe  
  50  4:52  Immortal  
  56  4:53  Probe  
  56  4:57  Pylon  
  58  5:02  Probe  
  58  5:05  Pylon, Probe  
  60  5:12  Probe  
  61  5:17  Probe  
  61  5:20  Probe  
  62  5:28  Immortal, Probe  
  63  5:29  Probe  
  69  5:38  Gateway  
  69  5:41  Gateway, Probe  
  70  5:42  Gateway  
  70  5:45  Twilight Council  
  70  5:57  Probe x2  
  70  6:00  Warp Prism  
  72  6:07  Pylon  
  74  6:14  Nexus  
  74  6:17  Pylon  
  74  6:22  Templar Archives  
  74  6:23  Charge  
  74  6:46  Zealot  
  74  6:47  Zealot x3  
  78  6:51  Gateway  
  78  6:54  Gateway  
  82  6:56  Gateway  
  82  7:01  Probe x2  
  82  7:05  High Templar  
  82  7:08  High Templar x3  
  88  7:09  Zealot, Assimilator  
  88  7:12  Pylon  
  94  7:32  Immortal  
  98  7:45  Probe  
  99  7:56  Zealot x2  
  99  7:57  Zealot x6  
  115  8:08  Probe  
  115  8:11  Immortal  
  116  8:19  Pylon  
  116  8:20  Pylon  
  108  8:35  Stalker x4  
  112  8:47  Stalker x4  
Show
View Real Time Build Order
Export as new Build Order

HolyHit Protoss 

Build Orders:  

Get SALT Encoding   

  12  0:00  Probe  
  13  0:12  Probe  
  14  0:18  Pylon  
  14  0:24  Probe  
  15  0:32  Probe  
  15  0:38  Gateway  
  15  0:40  Probe  
  16  0:46  Assimilator  
  17  0:51  Probe  
  17  0:54  Assimilator  
  18  1:00  Probe  
  19  1:08  Probe  
  19  1:09  Gateway  
  19  1:17  Probe  
  20  1:25  Cybernetics Core  
  21  1:29  Probe  
  22  1:33  Pylon  
  22  1:41  Probe  
  23  1:56  Probe  
  24  2:03  Stalker  
  24  2:04  Sentry  
  28  2:08  Warp Gate  
  28  2:14  Pylon  
  28  2:26  Pylon  
  28  2:30  Stalker  
  28  2:33  Stalker  
  32  2:45  Shield Battery  
  32  2:54  Nexus  
  32  3:01  Probe  
  32  3:04  Sentry x2  
  37  3:12  Pylon  
  37  3:13  Probe  
  38  3:22  Forge, Probe  
  39  3:32  Probe  
  39  3:33  Robotics Facility  
  39  3:41  Probe  
  41  3:55  Probe  
  41  3:56  Protoss Ground Weapons Level 1  
  42  4:04  Stalker  
  42  4:05  Stalker  
  42  4:07  Probe  
  42  4:09  Probe  
  47  4:15  Probe  
  48  4:17  Probe  
  48  4:23  Probe  
  51  4:24  Observer  
  51  4:27  Probe  
  53  4:36  Shield Battery  
  51  4:45  Probe  
  50  4:47  Probe  
  50  4:49  Warp Prism  
  53  4:55  Twilight Council  
  53  4:56  Assimilator  
  53  4:57  Probe  
  53  4:58  Assimilator  
  53  4:59  Probe  
  55  5:09  Probe  
  55  5:10  Probe  
  55  5:11  Gateway  
  55  5:13  Gateway  
  57  5:17  Probe  
  57  5:18  Probe  
  57  5:25  Probe  
  60  5:35  Pylon  
  60  5:37  Charge  
  60  5:46  Probe x2  
  60  5:48  Immortal  
  62  5:50  Nexus  
  62  5:51  Pylon  
  65  5:57  Protoss Ground Weapons Level 2  
  65  6:03  Probe x2  
  67  6:09  Pylon  
  67  6:15  Probe x2  
  69  6:21  Templar Archives  
  69  6:27  Gateway, Probe  
  70  6:33  Immortal  
  70  6:34  Probe  
  74  6:40  Probe  
  74  6:46  Probe  
  76  6:51  Pylon  
  76  6:52  Probe  
  77  7:01  Gateway  
  77  7:03  Gateway  
  77  7:05  Probe x2  
  77  7:06  Gateway  
  79  7:11  Photon Cannon  
  79  7:13  Stalker x2  
  83  7:16  Probe  
  83  7:17  Probe  
  83  7:19  Probe  
  86  7:26  Zealot x3  
  83  7:38  Stalker x2  
  78  7:48  Stalker x2  
  76  7:57  Zealot x2  
  73  8:04  High Templar x4  
  77  8:11  Immortal  
  65  8:13  Probe, Archon x2  
  65  8:18  Zealot x4  
  67  8:29  Probe  
  64  8:39  Zealot x2  
Tags
 
Add a new tag
Caveats
  • Supply blocks, unpowered buildings, or Contaminate may cause inaccurate times.
  • Supply counts are checked every 10 seconds.